 Dungeon Crawl Stone Soup version 0.29.1-2-gbd0b4ee654 (webtiles) character file.

Game seed: 18340277816595809760

3 H0rd4k the Charlatan (level 1, 0/13 HPs)
             Began as an Octopode Artificer on Dec 1, 2022.
             Succumbed to a kobold's poison
             ... on level 1 of the Dungeon.
             The game lasted 00:00:12 (119 turns).

H0rd4k the Charlatan (Octopode Artificer)            Turns: 119, Time: 00:00:13

Health: 0/13       AC:  1    Str: 11    XL:     1   Next: 50%
Magic:  1/2        EV: 13    Int: 13    God:
Gold:   0          SH:  0    Dex: 12    Spells: 1/1 levels left

rFire   . . .      SeeInvis .   (no weapon)
rCold   . . .      Faith    .   (no shield)
rNeg    . . .      Spirit   .   (helmet restricted)
rPois   .          Reflect  .   (no amulet)
rElec   .          Harm     .   (no ring)
rCorr   .          Rampage  .   (no ring)
Will    .....                   (no ring)
Stlth   +++.......              (no ring)
HPRegen 0.04/turn               (no ring)
MPRegen 0.08/turn               (no ring)
                                (no ring)
                                (no ring)

@: lethally poisoned (0 -> -11)
A: almost no armour, amphibious, 8 rings, camouflage 1, gelatinous body 1,
(nimble swimmer 1), tentacles
a: no special abilities


You were on level 1 of the Dungeon.
You visited 1 branch of the dungeon, and saw 1 of its levels.

Inventory:

Wands
 b - a wand of flame (15) (quivered)
 c - a wand of charming (15)
 d - a wand of iceblast (5)


   Skills:
 * Level 1.0 Fighting
 - Level 2.3 Dodging
 - Level 1.3 Stealth
 * Level 0.8 Spellcasting
 - Level 3.2 Evocations


You had one spell level left.
You didn't know any spells.
Your spell library was empty.

Dungeon Overview and Level Annotations

Branches:
Dungeon (1/15)

Altars:


Innate Abilities, Weirdness & Mutations

You cannot wear most types of armour.
You are amphibious.
You can wear up to eight rings at the same time.
Your skin changes colour to match your surroundings (Stealth+).
Your rubbery body absorbs attacks. (AC +1, EV +1)
((You are camouflaged when in or above water. (Stealth+)))
You have tentacles for arms and can constrict up to eight enemies at once.


Message History

The goblin is moderately wounded.
You constrict the goblin. The goblin hits you with a +0 dagger.
You tentacle-slap the goblin but do no damage.
The goblin is severely wounded.
You constrict the goblin.
You kill the goblin!
Things that are here:
a +0 dagger; a goblin corpse No target in view!
Key pressed, stopping explore.
No target in view!
HP restored.
A kobold comes into view. It is wielding a +0 dagger.
The kobold shouts!
A kobold is nearby!
Found an escape hatch in the floor.
A kobold comes into view. It is wielding a +2 dagger of venom.
The kobold throws a stone.
The stone barely misses you. The kobold hits you with a +0 dagger.
There are monsters nearby!
There are monsters nearby!
You miss the kobold.
The kobold shouts!
Your grab misses the kobold. Your squeeze misses the kobold.
The kobold hits you with a +0 dagger.
There are monsters nearby!
You barely miss the kobold. You grab the kobold. You squeeze the kobold.
The kobold is heavily wounded.
You constrict the kobold, but do no damage.
The kobold completely misses you.
There are monsters nearby!
You barely miss the kobold. You squeeze the kobold.
You kill the kobold!
The kobold hits you with a +2 dagger of venom.
* * * LOW HITPOINT WARNING * * *
You are lethally poisoned!
There is a lethal amount of poison in your body!
You are too injured to fight recklessly!
You barely miss the kobold. You grab the kobold. You constrict the kobold.
You die...

..................
#.#....)....##..#
#.#.##.#..#.##..####
....)..#..#........# #
.....#.#..####..##.##.#
.....#.#..####........#
...............##.#..##
..##.#.##########....#
..##.#.# #.K@###.#
.....#.# #..)# #
.....#.# ....... ..##.#
.......... .# #.#
..........# .###.#
....#...### .....#
#####.>.# .#.### ##.##
#.##


You could see a kobold.

Vanquished Creatures
  2 kobolds (D:1)
  A goblin (D:1)
3 creatures vanquished.

Notes
Turn   | Place    | Note
-------+----------+-------------------------------------------
     0 | D:1      | H0rd4k the Octopode Artificer began the quest for the Orb.
     0 | D:1      | Reached XP level 1. HP: 13/13 MP: 1/1
   119 | D:1      | Succumbed to a kobold's poison

Illustrated notes

Levels and vault maps discovered:
D:1:      amcnicky_arrival_feature_with_door, layout_loops_cross

Action                   || total
-------------------------++-------
Melee: Unarmed           ||     8
       Tentacles         ||     4
       Constrict         ||     3
 Stab: Sleeping          ||     1
Dodge: Dodged            ||     2
